 Dungeon Crawl Stone Soup version 0.23.0-3-gf3c87f2 (webtiles) character file.

Game seed: 13724490833077481695

337 skk the Ruffian (level 6, -1/61 HPs)
             Began as a Troll Monk on Feb 24, 2019.
             Was a Believer of Qazlal.
             Slain by Pikel
             ... wielding a +1 whip of electrocution
              (5 damage)
             ... on level 4 of the Dungeon.
             The game lasted 00:04:39 (2429 turns).

skk the Ruffian (Troll Monk)                        Turns: 2429, Time: 00:04:39

Health: -1/61      AC:  6    Str: 20    XL:     6   Next: 28%
Magic:  5/5        EV: 11    Int:  8    God:    Qazlal [**....]
Gold:   224        SH:  0    Dex: 12    Spells: 5/5 levels left

rFire    . . .     SeeInvis .     - Unarmed
rCold    + . .     Gourm    +   (no shield)
rNeg     . . .     Faith    .   a - +0 robe
rPois    .         Spirit   .   (helmet restricted)
rElec    .         Reflect  .   (no cloak)
rCorr    .         Harm     .   (gloves unavailable)
MR       .....                  (boots unavailable)
Stlth    +.........             (no amulet)
HPRegen  0.60/turn              e - ring of protection from cold
MPRegen  0.09/turn              (no ring)

@: confused
A: large, unfitting armour, claws 3, fast metabolism 3, gourmand, regeneration
1, shaggy fur 1, tough skin 3
a: Upheaval, Renounce Religion


You were on level 4 of the Dungeon.
You worshipped Qazlal.
Qazlal was pleased with you.
You were not hungry.

You visited 2 branches of the dungeon, and saw 5 of its levels.

You collected 224 gold pieces.

Inventory:

Hand Weapons
 u - the +10 long sword "Poeffaw" {elec, rC+, unknown}
   (You found it on level 4 of the Dungeon)

   Occasionally, upon striking a foe, it will discharge some electrical energy
   and cause terrible harm.
   It protects you from cold.
Armour
 a - a +0 robe (worn)
Jewellery
 e - a ring of protection from cold (left claw)
Wands
 o - a wand of random effects (24)
Scrolls
 c - a scroll of fog
 d - a scroll of noise
 g - a scroll of magic mapping
 h - 2 scrolls of fear {unknown}
 i - a scroll of remove curse
 l - a scroll of enchant armour {unknown}
 m - 2 scrolls of random uselessness {unknown}
 q - a scroll of enchant weapon {unknown}
 s - a scroll of identify
 t - a scroll of blinking {unknown}
Potions
 f - 2 potions of curing {unknown}
 j - a potion of agility {unknown}
 n - a potion of magic {unknown}
 p - a potion of haste {unknown}
 r - a potion of ambrosia
 v - a potion of brilliance {unknown}
Comestibles
 b - 7 rations


   Skills:
 + Level 3.0 Fighting
 + Level 3.4 Dodging
 + Level 1.7 Stealth
 + Level 5.6 Unarmed Combat


You had 5 spell levels left.
You didn't know any spells.
Your spell library was empty.

Dungeon Overview and Level Annotations

Branches:
Dungeon (4/15)             Temple (1/1) D:4

Altars:
Ashenzari
Cheibriados
Dithmenos
Elyvilon
Fedhas
Hepliaklqana
Kikubaaqudgha
Makhleb
Nemelex Xobeh
Okawaru
Qazlal
Ru
Sif Muna
Trog
Uskayaw
Vehumet
Wu Jian
Xom
Yredelemnul
Zin
The Shining One

Annotations:
D:4 Pikel


Innate Abilities, Weirdness & Mutations

You are too large for most types of armour.
You have claws for hands.
Your metabolism is lightning-fast.
You like to eat raw meat.
Your natural rate of healing is unusually fast.
You are covered in fur. (AC +1)
You have extremely tough skin. (AC +3)


Message History

Pikel is moderately wounded.
Pikel hits you with a +1 whip of electrocution.
You are electrocuted!
* * * LOW HITPOINT WARNING * * *
You feel much better. Pikel hits you but does no damage.
You scratch Pikel but do no damage.
Pikel is moderately wounded.
Pikel hits you but does no damage.
You are electrocuted!!
* * * LOW HITPOINT WARNING * * *
It was a potion of ambrosia.
You are confused.
You feel invigorated.
Pikel hits you with a +1 whip of electrocution.
* * * LOW HITPOINT WARNING * * *
You are electrocuted!
* * * LOW HITPOINT WARNING * * *
Unknown command.
You're too confused to move!
Pikel hits you with a +1 whip of electrocution.
You die...

#. # #.......##.# ###.##.####
####.##.##.## .... ...#
#####.##.#...##
#.#####.####...#...#p....##
###.................###.....#
....##.##.####.ppp.## ##...##
###.##.##.######p##.###...##
#.........# #K###.#.#.##
#.#####.#.# #@# ##.##.#
#.#####.#.####.#######.#
#................# #...####
######.##.##.....# #......#
#.##.##.....# #......#
#....##.....# #......#
#..####.....# ##.....#
#..####.##### #.....#
#.......# ###.###


You could see Pikel and 4 slaves.

Vanquished Creatures
  A phantom (D:4)
  A bullfrog (D:4)
  Ijyb (D:3)
  7 adders
  2 oozes
  A worm (D:3)
  A dart slug (D:1)
  2 leopard geckos
  7 orcs (D:3)
  2 ball pythons
  8 bats
  3 giant cockroaches
  10 goblins
  8 hobgoblins
  2 jackals (D:1)
  3 kobolds
  2 quokkas (D:2)
  6 frilled lizards
  6 rats
73 creatures vanquished.

Notes
Turn   | Place    | Note
-------+----------+-------------------------------------------
     0 | D:1      | skk the Troll Monk began the quest for the Orb.
     0 | D:1      | Reached XP level 1. HP: 22/22 MP: 0/0
   149 | D:1      | Reached XP level 2. HP: 29/29 MP: 1/1
   661 | D:2      | Reached XP level 3. HP: 35/36 MP: 2/2
   852 | D:2      | Reached skill level 4 in Unarmed Combat
   972 | D:2      | Reached XP level 4. HP: 44/44 MP: 3/3
  1509 | D:3      | Noticed Ijyb
  1516 | D:3      | Killed Ijyb
  1516 | D:3      | Reached XP level 5. HP: 52/52 MP: 4/4
  1960 | D:4      | Found a staircase to the Ecumenical Temple.
  1970 | Temple   | Entered the Ecumenical Temple
  2171 | Temple   | Became a worshipper of Qazlal Stormbringer
  2171 | Temple   | Reached * piety under Qazlal
  2171 | Temple   | Reached ** piety under Qazlal
  2232 | D:4      | Noticed a phantom
  2235 | D:4      | Got a brightly glowing long sword
  2289 | D:4      | Killed a phantom
  2289 | D:4      | Reached skill level 5 in Unarmed Combat
  2289 | D:4      | Reached XP level 6. HP: 43/59 MP: 5/5
  2398 | D:4      | Noticed Pikel
  2398 | D:4      | Noticed a slave
  2398 | D:4      | Noticed a slave
  2400 | D:4      | Noticed a slave
  2400 | D:4      | Noticed a slave
  2428 | D:4      | HP: 1/61 [Pikel/+1 whip of electrocution (16)]
  2429 | D:4      | Slain by Pikel

Skill      XL: |  1  2  3  4  5  6 |
---------------+-------------------+-----
Unarmed Combat | 4 5 |  5.6
Dodging        | 3 |  3.4
Fighting       | 3 |  3.0
Stealth        | |  1.7

Action                   |  1- 3 |  4- 6 || total
-------------------------+-------+-------++-------
Melee: Unarmed           |    69 |   142 ||   211
  Use: Scroll            |     5 |       ||     5
       Potion            |       |     3 ||     3
 Stab: Sleeping          |     4 |     1 ||     5
  Eat: Chunk             |    14 |     5 ||    19
Armor: Robe              |    25 |    36 ||    61
Dodge: Dodged            |    35 |    91 ||   126
Block: Other             |       |     6 ||     6
